 Dungeon Crawl Stone Soup version 0.31-a0-182-gc5ef74bbde (webtiles) character file.

Game seed: 5623621059234463875

40 qw the Chopper (level 3, -4/23 HPs)
             Began as a Gargoyle Fighter on June 21, 2023.
             Slain by a gnoll
             ... wielding a +0 halberd
              (11 damage)
             ... on level 4 of the Dungeon.
             The game lasted 00:00:33 (1198 turns).

qw the Chopper (Gargoyle Fighter)                   Turns: 1198, Time: 00:00:34

Health: -4/23      AC: 10    Str: 21    XL:     3   Next: 50%
Magic:  3/3        EV:  9    Int:  8    God:
Gold:   72         SH:  4    Dex:  9    Spells: 2/2 levels left

rFire   . . .        Y - +1 war axe
rCold   . . .        c - +0 buckler
rNeg    + + .        b - +0 scale mail
rPois   inf          (no helmet)
rElec   +            (no cloak)
rCorr   .            (no gloves)
SInv    .            (no boots)
Will    .....        (no amulet) Stlth
                     o - ring of positive energy
HPRegen 0.23/turn    (no ring)
MPRegen 0.08/turn

%: no passive effects
@: no status effects
A: sickness immunity, AC +3, negative energy resistance 1, electricity
resistance, torment resistance 1, petrification resistance
a: no special abilities


You were on level 4 of the Dungeon.
You visited 1 branch of the dungeon, and saw 3 of its levels.

You collected 72 gold pieces.


Innate Abilities, Weirdness & Mutations

You are immune to sickness and miasma.
Your stone body is resilient. (AC +3)
You are immune to poison.
You resist negative energy. (rN+)
You are resistant to electric shocks. (rElec)
You are resistant to unholy torment.
You are immune to petrification.


   Skills:
 - Level 3.2 Fighting
 + Level 3.4 Axes
 - Level 3.2 Armour
 - Level 3.2 Shields


You had 2 spell levels left.
You didn't know any spells.
Your spell library was empty.

Inventory:

Hand Weapons
 l - a +0 mace
 Y - a +1 war axe (weapon)
Armour
 a - a +2 kite shield
 b - a +0 scale mail (worn)
 c - a +0 buckler (worn)
Jewellery
 i - an amulet of regeneration
 o - a ring of positive energy (left hand)
Scrolls
 f - a scroll of teleportation {unknown}
 g - a scroll of identify
Potions
 d - a potion of might
 e - 2 potions of attraction
 h - a potion of ambrosia {unknown}
 j - a potion of mutation {unknown}
 k - a potion of curing {unknown}
 m - a potion of brilliance {unknown}

Dungeon Overview and Level Annotations

Branches:
Dungeon (2/15)

Altars:


Message History

As you open the door, it creaks loudly!
There is an open door here.
You open the door.
There is an open door here.
You open the door.
There is an open door here.
You see here a scroll of vulnerability.
A sourceless malevolence fills the Dungeon...
You fall into a shaft and drop 2 floors!
The shaft crumbles and collapses.
You now have 72 gold pieces (gained 6).
You open the door.
A hobgoblin comes into view.
The hobgoblin shouts!
Waypoint 2 assigned to D:4.
There is an open door here.
You slash the hobgoblin!
You kill the hobgoblin!
You see here a hobgoblin corpse.
You open the door.
There is an open door here.
You open the door.
There is an open door here. 2 gnolls come into view.
A gnoll is wielding a +0 heavy flail.
The gnoll shouts!
You hear a shout!
A gnoll comes into view. It is wielding a +0 halberd.
1194 ||| Stepping ~*~*~tactically~*~*~ (hiding).
There is an open door here.
You start waiting.
A gnoll is nearby!
The gnoll hits you but does no damage.
You slash the gnoll!
The gnoll is heavily wounded.
The gnoll hits you from afar with a +0 halberd!
Ouch! That really hurt!
The gnoll hits you with a +0 halberd.
You hit the gnoll but do no damage.
The gnoll is heavily wounded.
The gnoll hits you from afar with a +0 halberd!
You die...

.# .# .### ...
####+#### ..
#.......# g#
##.......###g#
+.........'@.#
#.........##.#
...........#.#
###.......###.#
#.#+#...#'#.##.
##...#####...##.
+......#......+..
##......#......###
#.......#%......#


You could see 2 gnolls.

Vanquished Creatures
  An adder (D:2)
  A dart slug (D:1)
  3 ball pythons
  An endoplasm (D:2)
  2 giant cockroaches (D:1)
  2 goblins (D:1)
  5 hobgoblins
  2 quokkas (D:1)
  A bat (D:1)
  3 frilled lizards
  4 kobolds (D:1)
  A rat (D:1)
26 creatures vanquished.

Notes
Turn   | Place    | Note
-------+----------+-------------------------------------------
     0 | D:1      | qw the Gargoyle Fighter began the quest for the Orb.
     0 | D:1      | Reached XP level 1. HP: 14/14 MP: 1/1
     0 | D:1      | 0 ||| qw: Version: 0.3-a-9-g12657ce
     0 | D:1      | 0 ||| qw: Game counter: 1560
     0 | D:1      | 0 ||| qw: Always use a shield: true
     0 | D:1      | 0 ||| qw: God list: Okawaru
     0 | D:1      | 0 ||| qw: Allow faded altars: false
     0 | D:1      | 0 ||| qw: Do Orc after D:15 true
     0 | D:1      | 0 ||| qw: Do second Lair branch before Depths: true
     0 | D:1      | 0 ||| qw: Lair rune preference: random
     0 | D:1      | 0 ||| qw: Plans: Normal, Zot:1-4, Slime:5, God:TSO, Crypt,
                  | Tomb, Abyss, Pan, Hells, Win
     0 | D:1      | 0 ||| PLANNING D:1-11
   111 | D:1      | Reached XP level 2. HP: 14/19 MP: 2/2
   158 | D:1      | 158 ||| Stepping ~*~*~tactically~*~*~ (hiding).
   338 | D:1      | 338 ||| Stepping ~*~*~tactically~*~*~ (hiding).
   339 | D:1      | 339 ||| Stepping ~*~*~tactically~*~*~ (hiding).
   352 | D:1      | Reached skill level 3 in Axes
   422 | D:1      | Reached XP level 3. HP: 23/23 MP: 3/3
   448 | D:1      | 448 ||| DROPPING +0 whip.
   638 | D:1      | 638 ||| UPGRADING to ring of positive energy.
   639 | D:1      | 639 ||| READING scroll labelled QUIDESO JESIOCK.
   640 | D:1      | 640 ||| READING scroll labelled OPNENW ZYKKORE.
   641 | D:1      | 641 ||| READING scroll labelled RUT EPLIMNI.
   642 | D:1      | 642 ||| READING scroll labelled HIERUSU VALAX.
   643 | D:1      | 643 ||| READING scroll labelled LETAILUN PYROFU.
   644 | D:1      | 644 ||| READING scroll labelled QEOXOE QUECUTUODD.
   645 | D:1      | 645 ||| DRINKING 3 purple potions.
  1169 | D:2      | You fall into a shaft and drop 2 floors!
  1194 | D:4      | 1194 ||| Stepping ~*~*~tactically~*~*~ (hiding).
  1198 | D:4      | Slain by a gnoll

Levels and vault maps discovered:
D:1:      dpeg_arrival_prison, layout_rooms, kennysheep_doodads
D:2:      layout_basic
D:4:      nicolae_cairo_tiling_very_big, layout_loops_ring, minmay_unequal

Skill      XL: |  1  2 |
---------------+-------+-----
Axes           | 2 3 |  3.4
Fighting       | |  3.2
Armour         | |  3.2
Shields        | |  3.2

Action                     || total
---------------------------++-------
  Melee: War axe           ||    76
    Use: Scroll            ||     6
         Potion            ||     1
 Armour: Scale mail        ||    37
  Dodge: Dodged            ||    38
  Block: Buckler           ||    11

Table legend:
 A = Non-vault XP
 B = Vault XP
 C = Vault XP percentage of total XP
 D = Non-vault monster count
 E = Vault monster count
 F = Vault count percentage of total count
                 A         B        C        D         E       F
            +---------+---------+-------+---------+---------+-------
      Total |      53 |       5 |   8.6 |      23 |       3 |  11.5
            +---------+---------+-------+---------+---------+-------
        D:1 |      31 |       5 |  13.9 |      17 |       3 |  15.0
        D:2 |      20 |       0 |   0.0 |       5 |       0 |   0.0
        D:4 |       2 |       0 |   0.0 |       1 |       0 |   0.0
            +---------+---------+-------+---------+---------+-------
